 Dungeon Crawl Stone Soup version 0.30-a0-140-gd1020e658a (webtiles) character file.

Game seed: 18040828346115799745

1394 lunkers the Basher (level 9, -5/70 HPs)
             Began as a Meteoran Fighter on Sept 25, 2022.
             Was a Priest of Lugonu.
             Killed from afar by an orc wizard (9 damage)
             ... with a puff of flame
             ... on level 6 of the Dungeon.
             The game lasted 00:08:07 (1866 turns).

lunkers the Basher (Meteoran Fighter)               Turns: 1866, Time: 00:08:08

Health: -5/70      AC:  6    Str: 21    XL:     9   Next: 20%
Magic:  10/10      EV:  9    Int: 11    God:    Lugonu [***...]
Gold:   144        SH:  5    Dex: 14    Spells: 8/8 levels left

rFire   . . .      SeeInvis .    a - +0 flail
rCold   . . .      Faith    .    c - +0 buckler
rNeg    . . .      Spirit   .    b - +0 scale mail
rPois   .          Reflect  .    (no helmet)
rElec   .          Harm     .    (no cloak)
rCorr   .          Rampage  .    (no gloves)
Will    +....                    (no boots)
Stlth   ..........               (no amulet)
HPRegen 0.21/turn                n - ring of wizardry
MPRegen 0.12/turn                (no ring)

@: mighty, glowing
A: sense surroundings 2, otherworldly, glowing, explore regen
a: Renounce Religion, Depart the Abyss, Bend Space, Banish


You were on level 6 of the Dungeon.
You worshipped Lugonu.
Lugonu was most pleased with you.
You visited 1 branch of the dungeon, and saw 6 of its levels.
You also visited: Sewer.

You collected 144 gold pieces.

Inventory:

Hand Weapons
 a - a +0 flail (weapon)
Missiles
 g - 6 atropa-tipped darts
 j - 2 boomerangs
 l - 15 stones (quivered)
 p - 2 curare-tipped darts
 w - 23 poisoned darts
Armour
 b - a +0 scale mail (worn)
 c - a +0 buckler (worn)
Jewellery
 n - a ring of wizardry (left hand)
Wands
 t - a wand of digging (6)
Scrolls
 e - a scroll of fear {unknown}
 i - 2 scrolls of vulnerability {unknown}
 r - a scroll of enchant weapon {unknown}
 u - a scroll of identify {unknown}
 v - a scroll of magic mapping {unknown}
 x - 2 scrolls of noise
Potions
 d - a potion of might
 f - 2 potions of degeneration {unknown}
 h - a potion of lignification {unknown}
 k - a potion of magic {unknown}
 m - 2 potions of curing {unknown}
 o - a potion of attraction {unknown}
 q - 2 potions of haste {unknown}
 s - a potion of resistance {unknown}


   Skills:
 + Level 3.3 Fighting
 * Level 13.5 Maces & Flails
 - Level 3.6 Armour
 - Level 3.6 Shields
 + Level 0.3 Invocations


You had 8 spell levels left.
You didn't know any spells.
Your spell library contained the following spells:

 Spells                   Type           Power      Damage    Failure   Level
 Foxfire                  Conj/Fire      0%         2x1d4     43%         1
 Static Discharge         Conj/Air       0%         2-2/arc   56%         2
 Inner Flame              Hex/Fire       0%         N/A       80%         3
 Kindle Blastsparks       Fire/Tloc/Air  0%         2d10      80%         3
 Dispel Undead            Necr           0%         3d6       99%         4
 Flame Wave               Conj/Fire      0%         2d4       99%         4
 Sticky Flame             Conj/Fire      0%         2d3       99%         4


Dungeon Overview and Level Annotations

Branches:
Dungeon (6/15) Zot: 2152    Sewer (visited)
 Temple: D:4-7

Altars:
Lugonu


Innate Abilities, Weirdness & Mutations

You passively map the area around you.
You are easily found by Zot.
You glow in the dark.
You regain HP and MP as you explore.


Message History

Press: ? - help, Shift-Dir - straight line You fail to use your ability.
You hear some strange, mumbled words.
A puff of flame appears from out of thin air!
The puff of flame hits you.
* * * LOW HITPOINT WARNING * * *
Press: ? - help, Shift-Dir - straight line You fail to use your ability.
Something hits you but does no damage.
Press: ? - help, Shift-Dir - straight line You fail to use your ability.
You hear some strange, mumbled words.
Something tries to affect you, but you resist.
Press: ? - help, Shift-Dir - straight line You fail to use your ability.
Something hits you but does no damage.
Okay, then.
You feel very mighty all of a sudden. Something hits you.
* * * LOW HITPOINT WARNING * * *
You closely miss something.
Unknown command.
You closely miss something. Something hits you but does no damage.
Unknown command.
You closely miss something. Something hits you.
* * * LOW HITPOINT WARNING * * *
You completely miss something.
You hear some strange, mumbled words.
You block something's attack.
Okay, then.
You hit something. Something hits you but does no damage.
You sock something! You sock something! Lugonu accepts your kill.
Reactivating autopickup.
You feel a bit more experienced.
Deactivating autopickup; reactivate with Ctrl-A.
You closely miss something.
You hear some strange, mumbled words.
A puff of flame appears from out of thin air!
The puff of flame hits you!
You die...

* ##...## * ###
##.....## ####.#,
,###.......##
,.#...* *
..........# ,
...## #.......#
... *#.....# #†#
#)..# * #.#* * #{#
#.# * #@# ##'##
#.### ##...##
#.#.# ##.....##
##..#.#
##.......##
##..###.#
#.........####..##
#.#
+.........'...###*
## #.........#####
,, ##.>.....## ,


There were no monsters in sight!

Vanquished Creatures
  Grinder (D:5)
  The ghost of ImAmAmBug the Shield-Bearer, an amateur FoFi of Okawaru (D:4)
  A water moccasin (D:6)
  An ice beast (D:5)
  A sky beast (D:6)
  An ogre (D:6)
  A phantom (D:6)
  4 kobold brigands
  A bullfrog (D:6)
  A jelly (D:5)
  An orc priest (D:5)
  2 hounds
  An orc wizard (D:6)
  2 river rats (D:3)
  4 adders
  An ufetubus (D:4)
  6 worms
  2 dart slugs (D:2)
  8 orcs
  5 endoplasms
  3 giant cockroaches
  3 goblins (D:2)
  A hobgoblin (D:1)
  4 jackals
  17 kobolds
  2 quokkas
  6 ball pythons
  2 bats (D:2)
  2 frilled lizards (D:1)
  8 rats
93 creatures vanquished.

Vanquished Creatures (others)
  A black bear (D:6)
  An orc priest (D:6)
  An orc (D:6)
  11 toadstools (D:4)
14 creatures vanquished.

Grand Total: 107 creatures vanquished

Notes
Turn   | Place    | Note
-------+----------+-------------------------------------------
     0 | D:1      | lunkers the Meteoran Fighter began the quest for the Orb.
     0 | D:1      | Reached XP level 1. HP: 19/19 MP: 2/2
    56 | D:1      | Reached skill level 3 in Maces & Flails
    80 | D:1      | Reached XP level 2. HP: 15/26 MP: 3/3
   253 | D:1      | Reached skill level 4 in Maces & Flails
   253 | D:1      | Reached XP level 3. HP: 14/31 MP: 4/4
   353 | D:2      | Reached skill level 5 in Maces & Flails
   353 | D:2      | Reached XP level 4. HP: 33/38 MP: 5/5
   420 | D:2      | Found a faded altar of an unknown god.
   430 | D:2      | Prayed at the altar of an unknown god.
   430 | D:2      | Became a worshipper of Lugonu the Unformed
   430 | D:2      | Reached * piety under Lugonu
   430 | D:2      | Reached ** piety under Lugonu
   712 | D:3      | Found a glowing drain.
   729 | D:3      | Reached skill level 6 in Maces & Flails
   738 | D:3      | Reached XP level 5. HP: 36/45 MP: 6/6
   753 | Sewer    | Entered a sewer
   799 | Sewer    | Noticed a kobold brigand
   835 | Sewer    | Killed a kobold brigand
   836 | Sewer    | Reached skill level 7 in Maces & Flails
   912 | Sewer    | Reached XP level 6. HP: 37/51 MP: 7/7
   973 | Sewer    | Reached skill level 8 in Maces & Flails
  1024 | Sewer    | Reached XP level 7. HP: 33/57 MP: 8/8
  1137 | Sewer    | Glimpsed the power of Zot.
  1171 | Sewer    | Glimpsed the power of Zot.
  1248 | D:4      | Reached skill level 9 in Maces & Flails
  1248 | D:4      | Found a transporter.
  1251 | D:4      | Found a transporter.
  1251 | D:4      | Noticed ImAmAmBug's ghost (amateur FoFi)
  1322 | D:4      | Reached *** piety under Lugonu
  1328 | D:4      | Killed ImAmAmBug's ghost
  1521 | D:5      | Entered Level 5 of the Dungeon
  1531 | D:5      | Reached skill level 10 in Maces & Flails
  1548 | D:5      | Reached XP level 8. HP: 46/63 MP: 9/9
  1592 | D:5      | Noticed Grinder
  1603 | D:5      | Killed Grinder
  1604 | D:5      | Reached skill level 11 in Maces & Flails
  1709 | D:6      | Reached skill level 12 in Maces & Flails
  1796 | D:6      | Reached skill level 13 in Maces & Flails
  1796 | D:6      | Gained mutation: You passively map the area around you.
                  | [Meteoran growth]
  1796 | D:6      | Reached XP level 9. HP: 30/70 MP: 10/10
  1861 | D:6      | HP: 3/70 [something (2)]
  1866 | D:6      | Killed from afar by an orc wizard

Illustrated notes

Levels and vault maps discovered:
D:1:      nicolae_arrival_memento_mori, layout_rooms, chequers_arboretum
D:2:      layout_rooms, ebering_ecumenical_altar_petrified
D:3:      layout_basic, portal_sewer_entry_b
D:4:      cheibrodos_fertilizer, layout_rooms, gammafunk_ghost_arena
D:5:      layout_cave_pods, lemuel_zombie_altar_yredelemnul, tgw_kikubaaqudgha,
          marbit_many_paths, minmay_holes, uniq_grinder, uniq_eustachio
D:6:      layout_loops_corners, chei_slow_surprise, xom_confusion_cloud,
          mainiacjoe_overflow_alcove_2

Skill      XL: |  1  2  3  4  5  6  7  8 |
---------------+-------------------------+-----
Maces & Flails | 3 4 5 6 7 8 10 13 | 13.5
Fighting       | |  3.3
Armour         | |  3.6
Shields        | |  3.6
Invocations    | |  0.3

Action                   |  1- 3 |  4- 6 |  7- 9 || total
-------------------------+-------+-------+-------++-------
Melee: Flail             |    62 |   168 |   192 ||   422
Throw: Stone             |     8 |       |     9 ||    17
  Use: Potion            |       |       |     2 ||     2
       Scroll            |       |       |     1 ||     1
Armor: Scale mail        |    47 |    53 |    98 ||   198
Dodge: Dodged            |    34 |    37 |    59 ||   130
Block: Buckler           |    30 |    41 |    40 ||   111

Table legend: (Time is in decaauts)
 A = Elapsed time spent in this place.
 B = Non-inter-level travel time spent in this place.
 C = Inter-level travel time spent in this place.
 D = Time resting spent in this place.
 E = Time spent auto-exploring this place.
 F = Levels seen in this place.
 G = Mean time per level.
                   A        B        C        D        E       F      G
               +--------+--------+--------+--------+--------+-----+--------+
         Total |   2007 |   1973 |     34 |     50 |    132 |   7 |  286.7 |
       Dungeon |   1447 |   1413 |     34 |     50 |    132 |   6 |  241.2 |
         Sewer |    560 |    560 |      0 |      0 |      0 |   1 |  560.0 |
               +--------+--------+--------+--------+--------+-----+--------+

Top non-repeatable levels by time:
   Sewer: 560 daAuts
     D:3: 352 daAuts
     D:4: 310 daAuts
     D:1: 268 daAuts
     D:2: 197 daAuts
     D:6: 159 daAuts
     D:5: 159 daAuts
